Canucks vs Sharks
(R1)
Created - 3 novembre 2014 at 19:22
Goals
|
Canucks |
0 |
1 |
2 |
3 |
Sharks |
1 |
2 |
1 |
4 |
|
Shots
|
Canucks |
9 |
13 |
14 |
36 |
Sharks |
10 |
15 |
17 |
42 |
|
1st period
1. Sharks , Ted Purcell 5 (Antoine Vermette) at 16:06
Penalties :
Peter Worrell (Van) for Hooking (Minor) at 0:17, Shaone Morrisonn (SJS) for High sticking (Minor) at 10:14
2nd period
2. Sharks , Lasse Kukkonen 3 (Adam Mair, Johnny Boychuk) at 3:20
3. Canucks , Nikolai Zherdev 3 (Fabian Brunnstrom, Kim Johnsson) at 6:21
4. Sharks , Dany Heatley 11 (David Legwand, Lasse Kukkonen) at 10:46
Penalties :
Markus Naslund (SJS) for Roughing (Minor) at 6:58, David Legwand (SJS) for Holding (Minor) at 11:16, Francis Bouillon (SJS) for Hooking (Minor) at 16:51
3rd period
5. Sharks , Lasse Kukkonen 4 (Niklas Sundstrom, Adam Mair) at 7:54
6. Canucks , Clarke MacArthur 5 (David Jones, Joe Sakic) at 8:51
7. Canucks , Alex Tanguay 5 (Fabian Brunnstrom, David Jones) at 18:24 (PP)
Penalties :
Ted Purcell (SJS) for Hooking (Minor) at 1:04, Peter Worrell (Van) for Holding (Minor) at 13:34, Alex Pietrangelo (SJS) for Holding (Minor) at 18:06, Fabian Brunnstrom (Van) for Hooking (Minor) at 18:46
Goalie Stats
Carey Price (Van), 38 saves from 42 shots - (0,905), L, 6-8-3, 60:00 minutes
Tyler Weiman (SJS), 33 saves from 36 shots - (0,917), W, 7-9-0, 60:00 minutes
Players Stats for Canucks
Player Name G A P +/- PIM S H SB GA TA FO MP PP MP PK MP
------------------------------------------------------------------------------------
Alex Tanguay 1 0 1 -2 0 2 2 0 0 0 2/3 6:06 1:00 0:21
Andy Rogers 0 0 0 -2 0 0 0 0 0 0 0/0 8:26 0:00 0:00
Chris Phillips 0 0 0 -1 0 3 2 1 0 1 0/0 21:09 4:32 1:27
Clarke MacArthur 1 0 1 0 0 3 1 0 0 0 2/3 20:16 4:55 1:08
David Jones 0 2 2 0 0 2 1 0 1 0 0/1 19:24 4:37 0:00
Fabian Brunnstrom 0 2 2 1 2 1 0 0 1 1 0/0 14:30 4:51 0:00
Jaromir Jagr 0 0 0 -2 0 3 1 1 0 0 7/11 26:23 5:15 3:39
Jeremy Williams 0 0 0 0 0 0 0 0 0 0 0/0 0:47 0:21 0:00
Joe Sakic 0 1 1 0 0 5 1 2 0 0 8/12 20:46 4:18 0:21
Kim Johnsson 0 1 1 1 0 2 1 3 0 1 0/0 30:25 5:41 3:44
Matt Stajan 0 0 0 -1 0 3 0 0 0 0 18/33 25:15 5:15 3:42
Maxim Lapierre 0 0 0 0 0 0 2 1 0 1 1/6 9:48 0:00 0:00
Nikolai Zherdev 1 0 1 0 0 3 2 0 0 0 1/3 11:10 0:00 1:05
Nils Ekman 0 0 0 -1 0 0 0 0 0 0 0/0 3:17 0:00 0:00
Peter Worrell 0 0 0 -1 4 0 3 3 1 0 0/0 17:04 0:07 0:06
Sami Lepisto 0 0 0 -1 0 3 2 0 0 1 0/0 21:09 4:32 1:27
Steve Montador 0 0 0 1 0 6 0 4 0 0 0/0 30:25 5:41 3:44
Taylor Chorney 0 0 0 -2 0 0 1 0 0 0 0/0 8:26 0:00 0:00
Players Stats for Sharks
Player Name G A P +/- PIM S H SB GA TA FO MP PP MP PK MP
------------------------------------------------------------------------------------
Adam Mair 0 2 2 2 0 2 0 0 0 0 0/1 7:34 0:00 0:48
Alex Pietrangelo 0 0 0 -1 2 2 0 1 1 0 0/0 15:24 3:17 0:00
Antoine Vermette 0 1 1 1 0 2 1 0 0 0 4/15 13:55 1:47 0:03
Brandon Yip 0 0 0 -1 0 0 0 0 1 0 1/1 9:28 0:00 0:00
Curtis Glencross 0 0 0 2 0 0 2 0 0 0 0/0 8:32 0:00 1:46
Daniel Alfredsson 0 0 0 0 0 5 1 0 2 1 2/3 22:01 3:24 2:32
Dany Heatley 1 0 1 0 0 6 2 0 1 0 5/11 25:19 3:24 6:06
David Hale 0 0 0 0 0 4 0 1 0 0 0/0 19:29 0:00 4:22
David Legwand 0 1 1 0 2 5 4 0 0 0 16/33 23:49 3:24 4:36
Francis Bouillon 0 0 0 0 2 1 1 1 0 0 0/0 20:11 1:54 3:05
Johnny Boychuk 0 1 1 2 0 4 0 3 0 1 0/0 21:07 1:54 1:51
Kyle Wellwood 0 0 0 -1 0 2 1 1 0 0 3/6 12:28 0:00 2:32
Lasse Kukkonen 2 1 3 3 0 4 4 2 0 1 0/0 27:05 3:17 6:08
Markus Naslund 0 0 0 1 2 0 1 1 0 0 1/1 14:26 1:47 0:10
Martin Samuelsson 0 0 0 -1 0 2 2 0 0 0 0/0 11:21 0:00 1:53
Niklas Sundstrom 0 1 1 2 0 0 1 0 0 0 0/0 6:46 0:00 0:00
Shaone Morrisonn 0 0 0 0 2 1 2 0 0 0 0/0 16:44 0:00 5:00
Ted Purcell 1 0 1 1 2 2 1 0 0 0 1/1 14:02 1:47 0:00
3 Stars
1 - Lasse Kukkonen (SJS)
2 - Adam Mair (SJS)
3 - Dany Heatley (SJS)
Power Play
Canucks - 1 on 6 Attempt(s) - 16,67%
Sharks - 0 on 3 Attempt(s) - 0,00%
Penalty Kill
Canucks - 3 on 3 Attempt(s) - 100,00%
- Score 0 goal in Penalty Kill
Sharks - 5 on 6 Attempt(s) - 83,33%
- Score 0 goal in Penalty Kill
Official
Referees : Rehman Kyle and Dwyer Gord
Linesman : Tony Sericolo and Scott Cherrey
Game Notes
7:54 of 3rd period - Sharks goal is going for a video replay. After video review, Goal.
Finance
Level 1 -- Attendance: 4967 (82,78%) -- Ticket Income 447 030 $
Level 2 -- Attendance: 3625 (72,50%) -- Ticket Income 217 500 $
Level 3 -- Attendance: 1182 (59,10%) -- Ticket Income 47 280 $
Level 4 -- Attendance: 3915 (97,88%) -- Ticket Income 78 300 $
Luxury Box -- Attendance: 753 (75,30%) -- Ticket Income 135 540 $
Game was played at the Hockey Place Center
Total Attendance: 14442 (80,23%)
Total Ticket Income: 925 650 $
Other Income: 138 848 $
Total Income: 1 064 498 $
Canucks
5 vs 5 Forward
Center Left Wing Right Wing Time % Phy DF OF
1 Matt Stajan Peter Worrell Jaromir Jagr 44 0 2 3
2 Joe Sakic Clarke MacArthur David Jones 35 0 2 3
3 Maxim Lapierre Fabian Brunnstrom Nikolai Zherdev 20 0 2 3
4 Jaromir Jagr Alex Tanguay Nils Ekman 1 0 3 2
5 vs 5 Defense
Defense Defense Time % Phy DF OF
1 Steve Montador Kim Johnsson 40 0 3 2
2 Chris Phillips Sami Lepisto 30 0 3 2
3 Andy Rogers Taylor Chorney 20 0 3 2
4 Steve Montador Kim Johnsson 10 0 3 2
PowerPlay Forward
Center Left Wing Right Wing Time % Phy DF OF
1 Matt Stajan Clarke MacArthur Jaromir Jagr 60 1 2 2
2 Joe Sakic Fabian Brunnstrom David Jones 40 1 2 2
PowerPlay Defense
Defense Defense Time % Phy DF OF
1 Steve Montador Kim Johnsson 60 1 2 2
2 Chris Phillips Sami Lepisto 40 1 2 2
Penalty Kill 4 Players Forward
Center Wing Time % Phy DF OF
1 Jaromir Jagr Matt Stajan 60 1 2 2
2 Peter Worrell Clarke MacArthur 40 1 2 2
Penalty Kill 4 Players Defense
Defense Defense Time % Phy DF OF
1 Steve Montador Kim Johnsson 60 1 2 2
2 Chris Phillips Sami Lepisto 40 1 2 2
Penalty Kill - 3 Players Forward
Forward Time % Phy DF OF
1 Jaromir Jagr 60 1 2 2
2 Matt Stajan 40 1 2 2
Penalty Kill - 3 Players Defense
Defense Defense Time % Phy DF OF
1 Steve Montador Kim Johnsson 60 1 2 2
2 Chris Phillips Sami Lepisto 40 1 2 2
4 vs 4 Forward
Center Wing Time % Phy DF OF
1 Jaromir Jagr Matt Stajan 60 1 2 2
2 Peter Worrell Clarke MacArthur 40 1 2 2
4 vs 4 Defense
Defense Defense Time % Phy DF OF
1 Steve Montador Kim Johnsson 60 1 2 2
2 Chris Phillips Sami Lepisto 40 1 2 2
Last Minutes Offensive
Center Left Wing Right Wing Defense Defense
Matt Stajan Peter Worrell Jaromir Jagr Steve Montador Kim Johnsson
Last Minutes Defensive
Center Left Wing Right Wing Defense Defense
Matt Stajan Peter Worrell Jaromir Jagr Steve Montador Kim Johnsson
Goaltenders
Starting : Carey Price
Backup : José Theodore
Extra Forwards
Normal : Fabian Brunnstrom, Alex Tanguay, Nikolai Zherdev - PP : Fabian Brunnstrom, Alex Tanguay - PK : Nikolai Zherdev
Extra Defensemen
Normal : Andy Rogers, Taylor Chorney, Chris Phillips - PP : Andy Rogers - PK : Taylor Chorney, Chris Phillips
Penalty Shots
Jaromir Jagr, Matt Stajan, Peter Worrell, Clarke MacArthur, Joe Sakic
Sharks
5 vs 5 Forward
Center Left Wing Right Wing Time % Phy DF OF
1 David Legwand Dany Heatley Daniel Alfredsson 40 1 2 2
2 Antoine Vermette Markus Naslund Ted Purcell 30 1 2 2
3 Kyle Wellwood Martin Samuelsson Brandon Yip 20 1 2 2
4 Adam Mair Curtis Glencross Niklas Sundstrom 10 1 2 2
5 vs 5 Defense
Defense Defense Time % Phy DF OF
1 Lasse Kukkonen Johnny Boychuk 40 1 3 1
2 David Hale Francis Bouillon 30 1 3 1
3 Alex Pietrangelo Shaone Morrisonn 20 1 3 1
4 Lasse Kukkonen Johnny Boychuk 10 1 3 1
PowerPlay Forward
Center Left Wing Right Wing Time % Phy DF OF
1 David Legwand Dany Heatley Daniel Alfredsson 60 1 2 2
2 Antoine Vermette Markus Naslund Ted Purcell 40 1 2 2
PowerPlay Defense
Defense Defense Time % Phy DF OF
1 Lasse Kukkonen Alex Pietrangelo 60 1 2 2
2 Johnny Boychuk Francis Bouillon 40 1 2 2
Penalty Kill 4 Players Forward
Center Wing Time % Phy DF OF
1 Dany Heatley David Legwand 60 1 3 1
2 Kyle Wellwood Daniel Alfredsson 40 1 3 1
Penalty Kill 4 Players Defense
Defense Defense Time % Phy DF OF
1 Lasse Kukkonen Shaone Morrisonn 60 1 4 0
2 David Hale Francis Bouillon 40 1 4 0
Penalty Kill - 3 Players Forward
Forward Time % Phy DF OF
1 Dany Heatley 60 1 4 0
2 Kyle Wellwood 40 1 4 0
Penalty Kill - 3 Players Defense
Defense Defense Time % Phy DF OF
1 Lasse Kukkonen Shaone Morrisonn 60 1 4 0
2 David Hale Francis Bouillon 40 1 4 0
4 vs 4 Forward
Center Wing Time % Phy DF OF
1 Dany Heatley David Legwand 60 1 2 2
2 Antoine Vermette Daniel Alfredsson 40 1 2 2
4 vs 4 Defense
Defense Defense Time % Phy DF OF
1 Lasse Kukkonen Johnny Boychuk 60 1 3 1
2 David Hale Francis Bouillon 40 1 3 1
Last Minutes Offensive
Center Left Wing Right Wing Defense Defense
David Legwand Dany Heatley Daniel Alfredsson Lasse Kukkonen Alex Pietrangelo
Last Minutes Defensive
Center Left Wing Right Wing Defense Defense
David Legwand Dany Heatley Daniel Alfredsson Lasse Kukkonen Shaone Morrisonn
Goaltenders
Starting : Tyler Weiman
Backup : Mike Brodeur
Extra Forwards
Normal : Kyle Wellwood, Brandon Yip, Martin Samuelsson - PP : Kyle Wellwood, Brandon Yip - PK : Martin Samuelsson
Extra Defensemen
Normal : Alex Pietrangelo, Shaone Morrisonn, David Hale - PP : Johnny Boychuk - PK : Shaone Morrisonn, David Hale
Penalty Shots
Dany Heatley, David Legwand, Antoine Vermette, Daniel Alfredsson, Ted Purcell
% Time on Ice - Canucks
Lines # - Real PCT - Wanted PCT - Time Play
Normal Forward
1 - 38% - 44% - 16:58
2 - 33% - 35% - 14:33
3 - 22% - 20% - 9:48
4 - 7% - 1% - 3:17
Normal Defense
1 - 43% - 40% - 19:10
2 - 34% - 30% - 15:10
3 - 19% - 20% - 8:26
4 - 4% - 10% - 1:50
PP Forward
1 - 53% - 60% - 5:22
2 - 47% - 40% - 4:51
PP Defense
1 - 56% - 60% - 5:41
2 - 44% - 40% - 4:32
PK Forward
1 - 78% - 60% - 4:03
2 - 22% - 40% - 1:08
PK Defense
1 - 72% - 60% - 3:44
2 - 28% - 40% - 1:27
PK3 Forward
1 - 0% - 60%
2 - 0% - 40%
PK3 Defense
1 - 0% - 60%
2 - 0% - 40%
44 Forward
1 - 0% - 60%
2 - 0% - 40%
44 Defense
1 - 0% - 60%
2 - 0% - 40%
Last Minute Offensive - 0:00
Last Minute Defensive - 0:00
Total
Forward - 60:00
Defense - 60:00
|
% Time on Ice - Sharks
Lines # - Real PCT - Wanted PCT - Time Play
Normal Forward
1 - 36% - 40% - 15:50
2 - 28% - 30% - 12:32
3 - 21% - 20% - 9:28
4 - 15% - 10% - 6:46
Normal Defense
1 - 39% - 40% - 17:28
2 - 34% - 30% - 15:10
3 - 22% - 20% - 9:52
4 - 5% - 10% - 2:06
PP Forward
1 - 66% - 60% - 3:24
2 - 34% - 40% - 1:47
PP Defense
1 - 63% - 60% - 3:17
2 - 37% - 40% - 1:54
PK Forward
1 - 75% - 60% - 7:41
2 - 25% - 40% - 2:32
PK Defense
1 - 68% - 60% - 6:59
2 - 32% - 40% - 3:14
PK3 Forward
1 - 0% - 60%
2 - 0% - 40%
PK3 Defense
1 - 0% - 60%
2 - 0% - 40%
44 Forward
1 - 0% - 60%
2 - 0% - 40%
44 Defense
1 - 0% - 60%
2 - 0% - 40%
Last Minute Offensive - 0:00
Last Minute Defensive - 0:00
Total
Forward - 60:00
Defense - 60:00
|
Play by Play
1st period
0:01 of 1st period - Daniel Alfredsson wins face-off versus Matt Stajan in neutral zone.
0:17 of 1st period - Minor Penalty to Peter Worrell for Hooking.
0:18 of 1st period - Dany Heatley wins face-off versus Jaromir Jagr in Canucks zone.
0:46 of 1st period - Slapshot by Lasse Kukkonen.
0:46 of 1st period - Shot Blocked by Kim Johnsson.
0:48 of 1st period - Slapshot by Lasse Kukkonen.
0:48 of 1st period - Stopped by Carey Price without a rebound.
0:49 of 1st period - Jaromir Jagr wins face-off versus Antoine Vermette in Canucks zone.
0:56 of 1st period - Wrist shot by Matt Stajan.
0:56 of 1st period - Deflect By Jaromir Jagr.
0:56 of 1st period - Stopped by Tyler Weiman with a rebound.
0:58 of 1st period - Snap shot by Sami Lepisto.
0:58 of 1st period - Stopped by Tyler Weiman without a rebound.
0:59 of 1st period - Jaromir Jagr wins face-off versus Antoine Vermette in Sharks zone.
1:04 of 1st period - Snap shot by Matt Stajan.
1:04 of 1st period - Stopped by Tyler Weiman with a rebound.
1:06 of 1st period - Slapshot by Sami Lepisto.
1:06 of 1st period - Shot Misses the Net.
1:08 of 1st period - Snap shot by Jaromir Jagr.
1:08 of 1st period - Shot Blocked by Johnny Boychuk.
1:24 of 1st period - Slapshot by Johnny Boychuk.
1:24 of 1st period - Stopped by Carey Price without a rebound.
1:25 of 1st period - David Legwand wins face-off versus Nikolai Zherdev in Canucks zone.
1:30 of 1st period - Wrist shot by Dany Heatley.
1:30 of 1st period - Stopped by Carey Price without a rebound.
1:31 of 1st period - David Legwand wins face-off versus Nikolai Zherdev in Canucks zone.
1:39 of 1st period - Icing by Lasse Kukkonen.
1:40 of 1st period - Jaromir Jagr wins face-off versus David Legwand in Sharks zone.
1:43 of 1st period - Snap shot by Jaromir Jagr.
1:43 of 1st period - Stopped by Tyler Weiman with a rebound.
1:45 of 1st period - Slapshot by Steve Montador.
1:45 of 1st period - Shot Blocked by Alex Pietrangelo.
1:47 of 1st period - Snap shot by Jaromir Jagr.
1:47 of 1st period - Stopped by Tyler Weiman without a rebound.
1:48 of 1st period - Daniel Alfredsson wins face-off versus Jaromir Jagr in Sharks zone.
1:55 of 1st period - Slapshot by Daniel Alfredsson.
1:55 of 1st period - Shot Blocked by Kim Johnsson.
2:17 of 1st period - Penalty to Peter Worrell is over, Peter Worrell is back on ice.
2:24 of 1st period - Snap shot by Clarke MacArthur.
2:24 of 1st period - Stopped by Tyler Weiman with a rebound.
2:32 of 1st period - Wrist shot by Joe Sakic.
2:32 of 1st period - Shot Misses the Net.
2:34 of 1st period - Snap shot by Sami Lepisto.
2:34 of 1st period - Shot Misses the Net.
2:52 of 1st period - Brandon Yip is hit by Maxim Lapierre and loses puck.
3:13 of 1st period - Andy Rogers is hit by Niklas Sundstrom and loses puck.
4:00 of 1st period - Slapshot by Clarke MacArthur.
4:00 of 1st period - Shot Misses the Net.
4:02 of 1st period - Slapshot by Steve Montador.
4:02 of 1st period - Stopped by Tyler Weiman with a rebound.
5:01 of 1st period - Markus Naslund is hit by Peter Worrell and loses puck.
5:46 of 1st period - Dany Heatley is hit by Chris Phillips.
6:02 of 1st period - Nikolai Zherdev is hit by Curtis Glencross and loses puck.
6:34 of 1st period - Clarke MacArthur is hit by Markus Naslund and loses puck.
6:45 of 1st period - Sami Lepisto is hit by David Legwand and loses puck.
6:54 of 1st period - Slapshot by Alex Pietrangelo.
6:54 of 1st period - Stopped by Carey Price without a rebound.
6:55 of 1st period - Matt Stajan wins face-off versus Kyle Wellwood in Canucks zone.
7:50 of 1st period - Chris Phillips is hit by Dany Heatley and loses puck.
7:55 of 1st period - Wrist shot by Dany Heatley.
7:55 of 1st period - Stopped by Carey Price without a rebound.
7:56 of 1st period - Markus Naslund wins face-off versus Joe Sakic in Canucks zone.
8:01 of 1st period - Snap shot by Antoine Vermette.
8:01 of 1st period - Shot Misses the Net.
8:03 of 1st period - Wrist shot by Markus Naslund.
8:03 of 1st period - Shot Misses the Net.
8:48 of 1st period - Jaromir Jagr is hit by Francis Bouillon and loses puck.
8:54 of 1st period - Icing by Steve Montador.
8:55 of 1st period - Jaromir Jagr wins face-off versus David Legwand in Canucks zone.
8:55 of 1st period - Jaromir Jagr is hit by David Legwand.
9:03 of 1st period - Backhand shot by Dany Heatley.
9:03 of 1st period - Shot Blocked by Steve Montador.
9:07 of 1st period - Wrist shot by Daniel Alfredsson.
9:07 of 1st period - Deflect By David Legwand.
9:07 of 1st period - Shot Misses the Net.
9:07 of 1st period - Puck is out of play.
9:08 of 1st period - David Legwand wins face-off versus Matt Stajan in Canucks zone.
9:09 of 1st period - Wrist shot by Dany Heatley.
9:09 of 1st period - Stopped by Carey Price without a rebound.
9:10 of 1st period - David Legwand wins face-off versus Matt Stajan in Canucks zone.
10:14 of 1st period - Minor Penalty to Shaone Morrisonn for High sticking.
10:15 of 1st period - Dany Heatley wins face-off versus Matt Stajan in Sharks zone.
12:14 of 1st period - Penalty to Shaone Morrisonn is over, Shaone Morrisonn is back on ice.
13:05 of 1st period - Andy Rogers is hit by Shaone Morrisonn and loses puck.
13:18 of 1st period - Andy Rogers is hit by Lasse Kukkonen and loses puck.
13:29 of 1st period - Snap shot by Jaromir Jagr.
13:29 of 1st period - Shot Misses the Net.
13:42 of 1st period - Matt Stajan is hit by Antoine Vermette and loses puck.
14:08 of 1st period - Snap shot by Matt Stajan.
14:08 of 1st period - Stopped by Tyler Weiman without a rebound.
14:09 of 1st period - David Legwand wins face-off versus Joe Sakic in Sharks zone.
14:19 of 1st period - Johnny Boychuk is hit by Clarke MacArthur and loses puck.
14:33 of 1st period - Icing by Johnny Boychuk.
14:34 of 1st period - David Legwand wins face-off versus Maxim Lapierre in Sharks zone.
14:48 of 1st period - Off-side.
14:49 of 1st period - David Legwand wins face-off versus Clarke MacArthur in neutral zone.
14:58 of 1st period - Wrist shot by Dany Heatley.
14:58 of 1st period - Deflect By Joe Sakic.
14:58 of 1st period - Shot Misses the Net.
14:58 of 1st period - Puck is out of play.
14:59 of 1st period - Joe Sakic wins face-off versus David Legwand in Canucks zone.
14:59 of 1st period - Joe Sakic is hit by Dany Heatley.
15:15 of 1st period - Snap shot by David Legwand.
15:15 of 1st period - Shot Misses the Net.
15:47 of 1st period - Snap shot by Dany Heatley.
15:47 of 1st period - Shot Blocked by Steve Montador.
15:51 of 1st period - Snap shot by Daniel Alfredsson.
15:51 of 1st period - Shot Misses the Net.
15:53 of 1st period - Snap shot by David Hale.
15:53 of 1st period - Shot Blocked by Joe Sakic.
15:55 of 1st period - Snap shot by David Legwand.
15:55 of 1st period - Stopped by Carey Price without a rebound.
15:56 of 1st period - Matt Stajan wins face-off versus Antoine Vermette in Canucks zone.
16:06 of 1st period - Wrist shot by Ted Purcell.
16:06 of 1st period - Goal by Ted Purcell - Canucks : 0 - Sharks : 1.
16:07 of 1st period - Matt Stajan wins face-off versus Antoine Vermette in neutral zone.
16:33 of 1st period - Clarke MacArthur is hit by Lasse Kukkonen and loses puck.
16:42 of 1st period - Wrist shot by David Legwand.
16:42 of 1st period - Deflect By Daniel Alfredsson.
16:42 of 1st period - Stopped by Carey Price without a rebound.
16:43 of 1st period - Matt Stajan wins face-off versus David Legwand in Canucks zone.
16:56 of 1st period - Slapshot by Matt Stajan.
16:56 of 1st period - Stopped by Tyler Weiman with a rebound.
17:35 of 1st period - Martin Samuelsson is hit by Nikolai Zherdev and loses puck.
18:17 of 1st period - Lasse Kukkonen is hit by Alex Tanguay and loses puck.
18:36 of 1st period - Snap shot by Antoine Vermette.
18:36 of 1st period - Stopped by Carey Price without a rebound.
18:37 of 1st period - Nikolai Zherdev wins face-off versus David Legwand in Canucks zone.
18:42 of 1st period - Snap shot by Maxim Lapierre.
18:42 of 1st period - Shot Misses the Net.
18:55 of 1st period - Alex Pietrangelo is hit by Nikolai Zherdev and loses puck.
19:39 of 1st period - Snap shot by Kyle Wellwood.
19:39 of 1st period - Shot Blocked by Steve Montador.
19:51 of 1st period - Alex Pietrangelo is hit by Alex Tanguay and loses puck.
Goals for this period are 0 for Canucks vs 1 for Sharks.
Shots for this period are 9 for Canucks vs 10 for Sharks.
2nd period
0:01 of 2nd period - David Legwand wins face-off versus Matt Stajan in neutral zone.
0:03 of 2nd period - Off-side.
0:04 of 2nd period - Matt Stajan wins face-off versus David Legwand in neutral zone.
0:12 of 2nd period - Icing by Matt Stajan.
0:13 of 2nd period - David Legwand wins face-off versus Matt Stajan in Canucks zone.
0:57 of 2nd period - Martin Samuelsson is hit by Kim Johnsson and loses puck.
1:28 of 2nd period - Snap shot by Kyle Wellwood.
1:28 of 2nd period - Shot Misses the Net.
1:51 of 2nd period - Snap shot by Brandon Yip.
1:51 of 2nd period - Shot Misses the Net.
2:09 of 2nd period - Wrist shot by Clarke MacArthur.
2:09 of 2nd period - Stopped by Tyler Weiman with a rebound.
2:11 of 2nd period - Wrist shot by Clarke MacArthur.
2:11 of 2nd period - Shot Blocked by Kyle Wellwood.
2:13 of 2nd period - Slapshot by Kim Johnsson.
2:13 of 2nd period - Shot Misses the Net.
2:17 of 2nd period - Slapshot by Kim Johnsson.
2:17 of 2nd period - Stopped by Tyler Weiman with a rebound.
2:26 of 2nd period - Off-side.
2:27 of 2nd period - Matt Stajan wins face-off versus David Legwand in neutral zone.
3:18 of 2nd period - Wrist shot by Adam Mair.
3:18 of 2nd period - Stopped by Carey Price with a rebound.
3:20 of 2nd period - Slapshot by Lasse Kukkonen.
3:20 of 2nd period - Deflect By Andy Rogers.
3:20 of 2nd period - Goal by Lasse Kukkonen - Canucks : 0 - Sharks : 2.
3:21 of 2nd period - Matt Stajan wins face-off versus Dany Heatley in neutral zone.
4:44 of 2nd period - Slapshot by Johnny Boychuk.
4:44 of 2nd period - Deflect By Fabian Brunnstrom.
4:44 of 2nd period - Stopped by Carey Price without a rebound.
4:45 of 2nd period - Maxim Lapierre wins face-off versus Antoine Vermette in Canucks zone.
4:58 of 2nd period - Wrist shot by Johnny Boychuk.
4:58 of 2nd period - Shot Misses the Net.
5:27 of 2nd period - David Jones is hit by David Legwand and loses puck.
5:40 of 2nd period - Wrist shot by Joe Sakic.
5:40 of 2nd period - Stopped by Tyler Weiman with a rebound.
5:42 of 2nd period - Slapshot by Chris Phillips.
5:42 of 2nd period - Stopped by Tyler Weiman without a rebound.
5:43 of 2nd period - Antoine Vermette wins face-off versus Matt Stajan in Sharks zone.
6:19 of 2nd period - Slapshot by Fabian Brunnstrom.
6:19 of 2nd period - Stopped by Tyler Weiman with a rebound.
6:21 of 2nd period - Wrist shot by Nikolai Zherdev.
6:21 of 2nd period - Goal by Nikolai Zherdev - Canucks : 1 - Sharks : 2.
6:22 of 2nd period - David Legwand wins face-off versus Matt Stajan in neutral zone.
6:29 of 2nd period - Wrist shot by David Legwand.
6:29 of 2nd period - Shot Misses the Net.
6:31 of 2nd period - Wrist shot by David Legwand.
6:31 of 2nd period - Stopped by Carey Price without a rebound.
6:32 of 2nd period - David Legwand wins face-off versus Matt Stajan in Canucks zone.
6:47 of 2nd period - Snap shot by David Legwand.
6:47 of 2nd period - Stopped by Carey Price without a rebound.
6:48 of 2nd period - Joe Sakic wins face-off versus Antoine Vermette in Canucks zone.
6:58 of 2nd period - Minor Penalty to Markus Naslund for Roughing.
6:59 of 2nd period - Dany Heatley wins face-off versus Matt Stajan in Sharks zone.
7:06 of 2nd period - Icing by Jaromir Jagr.
7:07 of 2nd period - Jaromir Jagr wins face-off versus Dany Heatley in Canucks zone.
7:32 of 2nd period - Slapshot by Joe Sakic.
7:32 of 2nd period - Stopped by Tyler Weiman with a rebound.
7:34 of 2nd period - Snap shot by Steve Montador.
7:34 of 2nd period - Deflect By Shaone Morrisonn.
7:34 of 2nd period - Stopped by Tyler Weiman without a rebound.
7:35 of 2nd period - Joe Sakic wins face-off versus Dany Heatley in Sharks zone.
8:09 of 2nd period - Kyle Wellwood is hit by Chris Phillips.
8:58 of 2nd period - Penalty to Markus Naslund is over, Markus Naslund is back on ice.
8:59 of 2nd period - Kim Johnsson is hit by Kyle Wellwood and loses puck.
9:20 of 2nd period - Wrist shot by Alex Pietrangelo.
9:20 of 2nd period - Shot Blocked by Kim Johnsson.
9:22 of 2nd period - Wrist shot by Shaone Morrisonn.
9:22 of 2nd period - Stopped by Carey Price without a rebound.
9:23 of 2nd period - Matt Stajan wins face-off versus Adam Mair in Canucks zone.
9:23 of 2nd period - Matt Stajan is hit by Lasse Kukkonen.
9:35 of 2nd period - Jaromir Jagr is hit by Curtis Glencross and loses puck.
9:58 of 2nd period - Snap shot by Kyle Wellwood.
9:58 of 2nd period - Stopped by Carey Price with a rebound.
10:46 of 2nd period - Wrist shot by Dany Heatley.
10:46 of 2nd period - Goal by Dany Heatley - Canucks : 1 - Sharks : 3.
10:47 of 2nd period - Clarke MacArthur wins face-off versus David Legwand in neutral zone.
10:50 of 2nd period - Wrist shot by Clarke MacArthur.
10:50 of 2nd period - Shot Blocked by Johnny Boychuk.
10:52 of 2nd period - Slapshot by Kim Johnsson.
10:52 of 2nd period - Shot Misses the Net.
10:54 of 2nd period - Wrist shot by Joe Sakic.
10:54 of 2nd period - Stopped by Tyler Weiman without a rebound.
10:55 of 2nd period - David Legwand wins face-off versus Joe Sakic in Sharks zone.
11:04 of 2nd period - Slapshot by Kim Johnsson.
11:04 of 2nd period - Shot Misses the Net.
11:06 of 2nd period - Slapshot by Steve Montador.
11:06 of 2nd period - Stopped by Tyler Weiman with a rebound.
11:16 of 2nd period - Minor Penalty to David Legwand for Holding.
11:17 of 2nd period - Dany Heatley wins face-off versus Matt Stajan in Sharks zone.
11:51 of 2nd period - Wrist shot by David Jones.
11:51 of 2nd period - Shot Blocked by Francis Bouillon.
13:16 of 2nd period - Penalty to David Legwand is over, David Legwand is back on ice.
13:16 of 2nd period - Icing by Kim Johnsson.
13:17 of 2nd period - Ted Purcell wins face-off versus Alex Tanguay in Canucks zone.
13:29 of 2nd period - Slapshot by Johnny Boychuk.
13:29 of 2nd period - Stopped by Carey Price with a rebound.
13:35 of 2nd period - Wrist shot by Steve Montador.
13:35 of 2nd period - Shot Misses the Net.
13:37 of 2nd period - Snap shot by Alex Tanguay.
13:37 of 2nd period - Shot Blocked by Markus Naslund.
13:39 of 2nd period - Snap shot by Alex Tanguay.
13:39 of 2nd period - Shot Blocked by Lasse Kukkonen.
13:41 of 2nd period - Wrist shot by Alex Tanguay.
13:41 of 2nd period - Deflect By Peter Worrell.
13:41 of 2nd period - Shot Blocked by Johnny Boychuk.
13:41 of 2nd period - Puck is out of play.
13:42 of 2nd period - Clarke MacArthur wins face-off versus David Legwand in Sharks zone.
13:53 of 2nd period - Slapshot by Francis Bouillon.
13:53 of 2nd period - Stopped by Carey Price with a rebound.
13:55 of 2nd period - Snap shot by Daniel Alfredsson.
13:55 of 2nd period - Stopped by Carey Price with a rebound.
13:57 of 2nd period - Slapshot by Dany Heatley.
13:57 of 2nd period - Shot Misses the Net.
13:59 of 2nd period - Snap shot by Daniel Alfredsson.
13:59 of 2nd period - Stopped by Carey Price without a rebound.
14:00 of 2nd period - Matt Stajan wins face-off versus Antoine Vermette in Canucks zone.
14:00 of 2nd period - Matt Stajan is hit by Ted Purcell.
14:26 of 2nd period - Dany Heatley is hit by David Jones and loses puck.
14:59 of 2nd period - Wrist shot by David Hale.
14:59 of 2nd period - Stopped by Carey Price without a rebound.
15:00 of 2nd period - David Legwand wins face-off versus Matt Stajan in Canucks zone.
15:03 of 2nd period - Slapshot by David Legwand.
15:03 of 2nd period - Shot Hit the Post.
15:11 of 2nd period - Slapshot by David Legwand.
15:11 of 2nd period - Shot Misses the Net.
15:43 of 2nd period - Daniel Alfredsson is hit by Maxim Lapierre.
16:01 of 2nd period - Slapshot by Chris Phillips.
16:01 of 2nd period - Stopped by Tyler Weiman without a rebound.
16:02 of 2nd period - Antoine Vermette wins face-off versus Matt Stajan in Sharks zone.
16:11 of 2nd period - Snap shot by Ted Purcell.
16:11 of 2nd period - Shot Blocked by Peter Worrell.
16:13 of 2nd period - Slapshot by David Hale.
16:13 of 2nd period - Stopped by Carey Price without a rebound.
16:14 of 2nd period - Matt Stajan wins face-off versus Antoine Vermette in Canucks zone.
16:19 of 2nd period - Antoine Vermette is hit by Peter Worrell and loses puck.
16:51 of 2nd period - Minor Penalty to Francis Bouillon for Hooking.
16:52 of 2nd period - Matt Stajan wins face-off versus Dany Heatley in Sharks zone.
17:04 of 2nd period - Backhand shot by Matt Stajan.
17:04 of 2nd period - Shot Blocked by Lasse Kukkonen.
17:06 of 2nd period - Wrist shot by Kim Johnsson.
17:06 of 2nd period - Deflect By Dany Heatley.
17:06 of 2nd period - Stopped by Tyler Weiman with a rebound.
17:08 of 2nd period - Slapshot by Clarke MacArthur.
17:08 of 2nd period - Shot Misses the Net.
17:18 of 2nd period - Daniel Alfredsson is hit by Joe Sakic and loses puck.
18:51 of 2nd period - Penalty to Francis Bouillon is over, Francis Bouillon is back on ice.
19:04 of 2nd period - Snap shot by Alex Tanguay.
19:04 of 2nd period - Stopped by Tyler Weiman without a rebound.
19:05 of 2nd period - Kyle Wellwood wins face-off versus Maxim Lapierre in Sharks zone.
19:14 of 2nd period - Snap shot by Kyle Wellwood.
19:14 of 2nd period - Stopped by Carey Price without a rebound.
19:15 of 2nd period - Brandon Yip wins face-off versus Maxim Lapierre in Canucks zone.
Goals for this period are 1 for Canucks vs 2 for Sharks.
Shots for this period are 13 for Canucks vs 15 for Sharks.
3rd period
0:01 of 3rd period - Matt Stajan wins face-off versus David Legwand in neutral zone.
0:22 of 3rd period - Daniel Alfredsson is hit by Sami Lepisto and loses puck.
0:43 of 3rd period - Snap shot by Dany Heatley.
0:43 of 3rd period - Deflect By Daniel Alfredsson.
0:43 of 3rd period - Shot Blocked by Chris Phillips.
0:43 of 3rd period - Puck is out of play.
0:44 of 3rd period - Antoine Vermette wins face-off versus David Jones in Canucks zone.
0:45 of 3rd period - Slapshot by Ted Purcell.
0:45 of 3rd period - Stopped by Carey Price without a rebound.
0:46 of 3rd period - Joe Sakic wins face-off versus Antoine Vermette in Canucks zone.
1:04 of 3rd period - Minor Penalty to Ted Purcell for Hooking.
1:05 of 3rd period - Dany Heatley wins face-off versus Matt Stajan in Sharks zone.
2:04 of 3rd period - Icing by Fabian Brunnstrom.
2:05 of 3rd period - Joe Sakic wins face-off versus Daniel Alfredsson in Canucks zone.
3:04 of 3rd period - Penalty to Ted Purcell is over, Ted Purcell is back on ice.
4:17 of 3rd period - Wrist shot by Brandon Yip.
4:17 of 3rd period - Shot Blocked by Joe Sakic.
4:19 of 3rd period - Wrist shot by Martin Samuelsson.
4:19 of 3rd period - Stopped by Carey Price without a rebound.
4:20 of 3rd period - Matt Stajan wins face-off versus Kyle Wellwood in Canucks zone.
4:20 of 3rd period - Jaromir Jagr is hit by Martin Samuelsson and loses puck.
5:36 of 3rd period - Johnny Boychuk is hit by Sami Lepisto and loses puck.
6:37 of 3rd period - Slapshot by Alex Pietrangelo.
6:37 of 3rd period - Shot Blocked by Maxim Lapierre.
6:43 of 3rd period - Alex Pietrangelo is hit by Taylor Chorney and loses puck.
7:05 of 3rd period - Off-side.
7:06 of 3rd period - Matt Stajan wins face-off versus Antoine Vermette in neutral zone.
7:32 of 3rd period - Wrist shot by David Legwand.
7:32 of 3rd period - Shot Misses the Net.
7:34 of 3rd period - Snap shot by Daniel Alfredsson.
7:34 of 3rd period - Shot Misses the Net.
7:36 of 3rd period - Snap shot by Shaone Morrisonn.
7:36 of 3rd period - Shot Misses the Net.
7:38 of 3rd period - Slapshot by Lasse Kukkonen.
7:38 of 3rd period - Stopped by Carey Price with a rebound.
7:50 of 3rd period - Wrist shot by Adam Mair.
7:50 of 3rd period - Stopped by Carey Price with a rebound.
7:52 of 3rd period - Wrist shot by Niklas Sundstrom.
7:52 of 3rd period - Shot Misses the Net.
7:54 of 3rd period - Slapshot by Lasse Kukkonen.
7:54 of 3rd period - Sharks goal is going for a video replay.
7:54 of 3rd period - The goal is good.
7:54 of 3rd period - Goal by Lasse Kukkonen - Canucks : 1 - Sharks : 4.
7:55 of 3rd period - Matt Stajan wins face-off versus David Legwand in neutral zone.
8:09 of 3rd period - Snap shot by David Legwand.
8:09 of 3rd period - Shot Blocked by Jaromir Jagr.
8:11 of 3rd period - Slapshot by David Hale.
8:11 of 3rd period - Stopped by Carey Price with a rebound.
8:29 of 3rd period - Snap shot by Martin Samuelsson.
8:29 of 3rd period - Shot Blocked by Peter Worrell.
8:43 of 3rd period - Slapshot by Matt Stajan.
8:43 of 3rd period - Shot Misses the Net.
8:45 of 3rd period - Slapshot by Sami Lepisto.
8:45 of 3rd period - Stopped by Tyler Weiman without a rebound.
8:46 of 3rd period - Joe Sakic wins face-off versus David Legwand in Sharks zone.
8:51 of 3rd period - Snap shot by David Jones.
8:51 of 3rd period - Deflect By Clarke MacArthur.
8:51 of 3rd period - Goal by Clarke MacArthur - Canucks : 2 - Sharks : 4.
8:52 of 3rd period - Joe Sakic wins face-off versus David Legwand in neutral zone.
9:05 of 3rd period - Steve Montador is hit by David Legwand and loses puck.
9:22 of 3rd period - Slapshot by Steve Montador.
9:22 of 3rd period - Shot Misses the Net.
9:24 of 3rd period - Slapshot by Steve Montador.
9:24 of 3rd period - Stopped by Tyler Weiman with a rebound.
10:04 of 3rd period - Niklas Sundstrom is hit by Jaromir Jagr and loses puck.
10:42 of 3rd period - Snap shot by Martin Samuelsson.
10:42 of 3rd period - Stopped by Carey Price with a rebound.
10:44 of 3rd period - Wrist shot by Kyle Wellwood.
10:44 of 3rd period - Shot Misses the Net.
10:46 of 3rd period - Slapshot by David Hale.
10:46 of 3rd period - Stopped by Carey Price without a rebound.
10:47 of 3rd period - Matt Stajan wins face-off versus Kyle Wellwood in Canucks zone.
10:47 of 3rd period - Matt Stajan is hit by Martin Samuelsson.
10:52 of 3rd period - Icing by Kim Johnsson.
10:53 of 3rd period - Matt Stajan wins face-off versus David Legwand in Canucks zone.
11:08 of 3rd period - Snap shot by Dany Heatley.
11:08 of 3rd period - Stopped by Carey Price without a rebound.
11:09 of 3rd period - Antoine Vermette wins face-off versus Joe Sakic in Canucks zone.
11:14 of 3rd period - Snap shot by Ted Purcell.
11:14 of 3rd period - Shot Hit the Post.
11:58 of 3rd period - Snap shot by Nikolai Zherdev.
11:58 of 3rd period - Stopped by Tyler Weiman with a rebound.
12:00 of 3rd period - Slapshot by Nikolai Zherdev.
12:00 of 3rd period - Stopped by Tyler Weiman without a rebound.
12:01 of 3rd period - Joe Sakic wins face-off versus Antoine Vermette in Sharks zone.
12:01 of 3rd period - Joe Sakic is hit by Shaone Morrisonn.
12:13 of 3rd period - Snap shot by Antoine Vermette.
12:13 of 3rd period - Stopped by Carey Price without a rebound.
12:14 of 3rd period - David Legwand wins face-off versus Matt Stajan in Canucks zone.
12:15 of 3rd period - Snap shot by Alex Pietrangelo.
12:15 of 3rd period - Deflect By David Legwand.
12:15 of 3rd period - Stopped by Carey Price with a rebound.
12:17 of 3rd period - Slapshot by Alex Pietrangelo.
12:17 of 3rd period - Deflect By Dany Heatley.
12:17 of 3rd period - Shot Blocked by Peter Worrell.
12:17 of 3rd period - Puck is out of play.
12:18 of 3rd period - Matt Stajan wins face-off versus David Legwand in Canucks zone.
12:23 of 3rd period - Slapshot by Steve Montador.
12:23 of 3rd period - Stopped by Tyler Weiman with a rebound.
12:54 of 3rd period - Wrist shot by Steve Montador.
12:54 of 3rd period - Stopped by Tyler Weiman with a rebound.
13:26 of 3rd period - Curtis Glencross is hit by Peter Worrell and loses puck.
13:34 of 3rd period - Minor Penalty to Peter Worrell for Holding.
13:35 of 3rd period - David Legwand wins face-off versus Jaromir Jagr in Canucks zone.
13:41 of 3rd period - Snap shot by David Legwand.
13:41 of 3rd period - Shot Misses the Net.
13:43 of 3rd period - Slapshot by Johnny Boychuk.
13:43 of 3rd period - Shot Blocked by Steve Montador.
13:45 of 3rd period - Snap shot by Dany Heatley.
13:45 of 3rd period - Stopped by Carey Price with a rebound.
13:47 of 3rd period - Wrist shot by Daniel Alfredsson.
13:47 of 3rd period - Stopped by Carey Price without a rebound.
13:48 of 3rd period - David Legwand wins face-off versus Jaromir Jagr in Canucks zone.
14:19 of 3rd period - Slapshot by Johnny Boychuk.
14:19 of 3rd period - Stopped by Carey Price with a rebound.
15:34 of 3rd period - Penalty to Peter Worrell is over, Peter Worrell is back on ice.
16:03 of 3rd period - Snap shot by Peter Worrell.
16:03 of 3rd period - Shot Blocked by David Hale.
16:05 of 3rd period - Wrist shot by Joe Sakic.
16:05 of 3rd period - Stopped by Tyler Weiman with a rebound.
16:07 of 3rd period - Snap shot by Joe Sakic.
16:07 of 3rd period - Shot Misses the Net.
16:09 of 3rd period - Snap shot by Sami Lepisto.
16:09 of 3rd period - Shot Misses the Net.
16:31 of 3rd period - Snap shot by Peter Worrell.
16:31 of 3rd period - Shot Misses the Net.
16:33 of 3rd period - Slapshot by Chris Phillips.
16:33 of 3rd period - Shot Misses the Net.
16:35 of 3rd period - Slapshot by Chris Phillips.
16:35 of 3rd period - Stopped by Tyler Weiman with a rebound.
16:57 of 3rd period - Wrist shot by Joe Sakic.
16:57 of 3rd period - Stopped by Tyler Weiman with a rebound.
16:59 of 3rd period - Snap shot by Matt Stajan.
16:59 of 3rd period - Shot Misses the Net.
17:01 of 3rd period - Backhand shot by Chris Phillips.
17:01 of 3rd period - Shot Misses the Net.
17:03 of 3rd period - Snap shot by Chris Phillips.
17:03 of 3rd period - Shot Hit the Post.
17:05 of 3rd period - Slapshot by Chris Phillips.
17:05 of 3rd period - Shot Misses the Net.
17:07 of 3rd period - Slapshot by Sami Lepisto.
17:07 of 3rd period - Stopped by Tyler Weiman without a rebound.
17:08 of 3rd period - Kyle Wellwood wins face-off versus Maxim Lapierre in Sharks zone.
17:56 of 3rd period - Snap shot by Alex Tanguay.
17:56 of 3rd period - Shot Misses the Net.
18:04 of 3rd period - Snap shot by David Jones.
18:04 of 3rd period - Stopped by Tyler Weiman with a rebound.
18:06 of 3rd period - Minor Penalty to Alex Pietrangelo for Holding.
18:07 of 3rd period - Alex Tanguay wins face-off versus Dany Heatley in Sharks zone.
18:10 of 3rd period - Slapshot by Alex Tanguay.
18:10 of 3rd period - Deflect By David Jones.
18:10 of 3rd period - Stopped by Tyler Weiman without a rebound.
18:11 of 3rd period - Alex Tanguay wins face-off versus Dany Heatley in Sharks zone.
18:24 of 3rd period - Snap shot by Alex Tanguay.
18:24 of 3rd period - Goal by Alex Tanguay - Canucks : 3 - Sharks : 4.
18:25 of 3rd period - Kyle Wellwood wins face-off versus Maxim Lapierre in neutral zone.
18:46 of 3rd period - Minor Penalty to Fabian Brunnstrom for Hooking.
18:47 of 3rd period - Jaromir Jagr wins face-off versus David Legwand in Canucks zone.
18:47 of 3rd period - Jaromir Jagr is hit by Daniel Alfredsson.
19:22 of 3rd period - Slapshot by Alex Pietrangelo.
19:22 of 3rd period - Stopped by Carey Price without a rebound.
19:23 of 3rd period - Bryan Murray call a timeout for Canucks.
19:23 of 3rd period - Jaromir Jagr wins face-off versus David Legwand in Canucks zone.
19:23 of 3rd period - Jaromir Jagr is hit by Lasse Kukkonen.
19:38 of 3rd period - Wrist shot by Daniel Alfredsson.
19:38 of 3rd period - Stopped by Carey Price with a rebound.
19:40 of 3rd period - Wrist shot by Dany Heatley.
19:40 of 3rd period - Deflect By David Legwand.
19:40 of 3rd period - Stopped by Carey Price with a rebound.
Goals for this period are 2 for Canucks vs 1 for Sharks.
Shots for this period are 14 for Canucks vs 17 for Sharks.
Output by the SimonT Hockey Simulator (STHS) for François Prévost -- Original Page W3C XHTML 1.0 Valid